 Dungeon Crawl Stone Soup version 0.26.1-11-gd32895ea62 (webtiles) character file.

Game seed: 15227046543583791416

150 Revguard the Chopper (level 5, -4/46 HPs)
             Began as a Minotaur Gladiator on May 3, 2021.
             Slain by a gnoll (6 damage)
             ... on level 3 of the Dungeon.
             The game lasted 00:06:09 (2799 turns).

Revguard the Chopper (Minotaur Gladiator)           Turns: 2799, Time: 00:06:10

Health: -4/46      AC:  7    Str: 18    XL:     5   Next: 10%
Magic:  4/4        EV: 12    Int:  5    God:
Gold:   168        SH:  0    Dex: 13    Spells: 4/4 levels left

rFire    . . .     SeeInvis .   a - +0 war axe
rCold    . . .     Faith    .   (no shield)
rNeg     . . .     Spirit   .   h - +0 ring mail
rPois    .         Reflect  .   c - +0 hat
rElec    .         Harm     .   f - scarf {+Inv}
rCorr    .         Rampage  .   g - +0 pair of gloves
Will     +....                  l - +0 pair of boots
Stlth    +.........             (no amulet)
HPRegen  0.15/turn              i - -4 ring of slaying (curse)
MPRegen  0.09/turn              e - ring of willpower

@: no status effects
A: retaliatory headbutt, horns 2
a: Evoke Invisibility


You were on level 3 of the Dungeon.
You visited 1 branch of the dungeon, and saw 3 of its levels.

You collected 168 gold pieces.

Inventory:

Hand Weapons
 a - a +0 war axe (weapon)
Missiles
 d - 3 throwing nets (quivered)
Armour
 c - a +0 hat (worn)
 f - a scarf of invisibility (worn)
 g - a +0 pair of gloves (worn)
 h - a +0 ring mail (worn)
 l - a +0 pair of boots (worn)
Jewellery
 e - a ring of willpower (right hand)
 i - a cursed -4 ring of slaying (left hand)
 j - an uncursed ring of ice
 q - a +6 ring of dexterity
Wands
 k - a wand of random effects (13)
Scrolls
 n - a scroll of identify {unknown}
 o - 3 scrolls of remove curse
 p - 3 scrolls of blinking {unknown}
 r - a scroll of random uselessness {unknown}
Potions
 m - a potion of flight


   Skills:
 + Level 3.7 Fighting
 + Level 4.5 Axes
 - Level 2.0 Throwing
 + Level 2.4 Armour
 + Level 4.1 Dodging
 + Level 1.3 Evocations


You had 4 spell levels left.
You didn't know any spells.
Your spell library was empty.

Dungeon Overview and Level Annotations

Branches:
Dungeon (3/15)

Altars:
Xom
The Shining One


Innate Abilities, Weirdness & Mutations

You reflexively headbutt those who attack you in melee.
You have a pair of horns on your head.


Message History

* * * LOW HITPOINT WARNING * * *
The gnoll barely misses you. You furiously retaliate!
You headbutt the gnoll.
You kill the gnoll!
The gnoll misses you. You furiously retaliate!
You headbutt the gnoll!
You have reached level 5!
Okay, then.
You completely miss the gnoll.
The gnoll is severely wounded.
You hit the gnoll. The gnoll hits you but does no damage.
The gnoll barely misses you. x2
You barely miss the gnoll. You headbutt the gnoll.
You kill the gnoll!
You barely miss the gnoll. The gnoll closely misses you.
You hit the gnoll.
The gnoll is almost dead.
The gnoll barely misses you.
You completely miss the gnoll. Your headbutt misses the gnoll.
The gnoll is almost dead.
The gnoll hits you.
You die...

#.......#........#
#.......########..
#.......# #.#
#...#+###### ##.
#########.#.......
....
..................
....
..<.....#.######..
.... ......).#.#
#### .......@#.# #
......g)#.# #
........#.#
###+###.#.# #.#.#
#.# #.# #.#


You could see a gnoll.

Vanquished Creatures
  A hound (D:3)
  2 gnolls (D:3)
  3 adders
  An ooze (D:2)
  3 worms
  3 dart slugs
  A leopard gecko (D:1)
  An orc (D:3)
  3 bats
  3 giant cockroaches
  9 goblins
  7 hobgoblins
  7 kobolds
  A ball python (D:2)
  2 frilled lizards (D:1)
  8 rats
55 creatures vanquished.

Notes
Turn   | Place    | Note
-------+----------+-------------------------------------------
     0 | D:1      | Revguard the Minotaur Gladiator began the quest for the
                  | Orb.
     0 | D:1      | Reached XP level 1. HP: 18/18 MP: 0/0
   275 | D:1      | Reached XP level 2. HP: 25/25 MP: 1/1
   390 | D:1      | Reached skill level 1 in Armour
  1039 | D:2      | Reached XP level 3. HP: 30/31 MP: 2/2
  1152 | D:2      | Found a shimmering altar of Xom.
  1931 | D:2      | Found a glowing golden altar of the Shining One.
  1952 | D:2      | Reached XP level 4. HP: 33/38 MP: 3/3
  2385 | D:3      | Reached skill level 1 in Evocations
  2795 | D:3      | HP: 1/39 [gnoll (7)]
  2796 | D:3      | Reached XP level 5. HP: 1/46 MP: 4/4
  2799 | D:3      | Slain by a gnoll

Illustrated notes

Levels and vault maps discovered:
D:1:      dpeg_arrival_leaves_temple_mockup, layout_basic
D:2:      layout_basic, tgw_xom, lemuel_round_altar, minmay_misc_feat_square
D:3:      layout_basic, lemuel_coloured_pillars_altar, minmay_cupped

Skill      XL: |  1  2  3  4 |
---------------+-------------+-----
Armour         | 1 2 |  2.4
Axes           | 4 |  4.5
Fighting       | 3 |  3.7
Dodging        | 4 |  4.1
Evocations     | 1 |  1.3
Throwing       | |  2.0

Action                   |  1- 3 |  4- 6 || total
-------------------------+-------+-------++-------
Melee: War axe           |    91 |    43 ||   134
       Headbutt          |    10 |     4 ||    14
  Use: Scroll            |     4 |       ||     4
       Potion            |     2 |     1 ||     3
Armor: Leather armour    |     8 |       ||     8
       Ring mail         |    23 |    28 ||    51
Dodge: Dodged            |    71 |    50 ||   121
